Map: Temple gelé

Players

zidar - Winner!

  • Race: Zerg Zerg
  • League: Platinum
  • Spawn Location: 5:00

Chris

  • Race: Protoss Protoss
  • League: Gold
  • Spawn Location: 11:00

VOD

Have the link to the VOD?

Description

Time

  • Played on: Nov. 2, 2016, 3:27 p.m.
  • Length: 19:05
Show
View Real Time Build Order
Export as new Build Order

zidar Zerg - Winner!

Build Orders: Hatch First 

Get SALT Encoding   

  12  0:02  Drone  
  13  0:12  Overlord  
  13  0:17  Drone  
  14  0:30  Drone x2  
  16  0:52  Hatchery  
  16  0:55  Drone  
  16  0:59  Extractor  
  15  1:10  Drone  
  16  1:20  Spawning Pool  
  16  1:24  Drone  
  16  1:29  Drone  
  17  1:36  Drone  
  17  1:38  Drone  
  18  2:07  Metabolic Boost  
  18  2:08  Queen  
  18  2:11  Queen  
  18  2:14  Zergling x2  
  23  2:19  Zergling x2  
  23  2:22  Zergling x2  
  25  2:25  Zergling x2  
  26  2:39  Baneling Nest  
  26  2:43  Zergling x6  
  28  2:57  Overlord  
  28  2:58  Overlord  
  28  3:24  Zergling x2  
  28  3:25  Zergling x12  
  30  3:37  Zergling x6  
  21  4:04  Zergling x12  
  26  4:12  Queen  
  28  4:25  Roach Warren  
  28  4:29  Baneling  
  28  4:30  Baneling  
  27  4:32  Baneling  
  27  4:43  Drone x3  
  30  4:49  Extractor  
  30  4:52  Lair  
  29  5:06  Pneumatized Carapace  
  29  5:10  Drone x2  
  29  5:12  Drone  
  32  5:15  Drone  
  33  5:39  Drone x6  
  33  5:40  Drone  
  40  6:08  Evolution Chamber  
  39  6:13  Roach x2  
  39  6:14  Hydralisk Den  
  39  6:16  Overlord x3  
  42  6:26  Drone x2  
  44  6:34  Drone x4  
  48  7:04  Hatchery  
  47  7:21  Hydralisk x8  
  61  7:28  Zerg Missile Weapons Level 1  
  59  7:44  Drone  
  59  7:47  Overlord x3  
  60  8:05  Hydralisk  
  60  8:06  Hydralisk x6  
  74  8:17  Extractor, Drone x3  
  76  8:20  Queen  
  78  8:33  Evolution Chamber  
  75  8:46  Drone  
  75  8:47  Drone x6  
  80  9:01  Drone x2  
  80  9:02  Drone x7  
  89  9:10  Extractor  
  88  9:34  Drone  
  88  9:35  Hatchery  
  88  9:36  Overlord  
  88  9:37  Overlord x2  
  88  9:43  Zerg Missile Weapons Level 2  
  88  9:45  Zerg Ground Armor Level 1  
  88  9:49  Muscular Augments  
  88  9:56  Drone x4  
  92  10:00  Drone x2  
  94  10:12  Drone  
  94  10:13  Drone x5  
  100  10:16  Overlord  
  100  10:30  Infestation Pit  
  99  10:40  Extractor  
  99  10:41  Extractor  
  97  10:44  Drone x3  
  97  10:45  Drone x2  
  97  10:46  Drone x2  
  97  10:47  Drone  
  97  10:48  Drone x3  
  108  10:57  Overlord x3  
  108  10:58  Overlord, Extractor x2  
  108  10:59  Overlord  
  108  11:02  Lurker Den  
  106  11:08  Hive  
  106  11:10  Hydralisk x2  
  106  11:11  Hydralisk x2  
  110  11:17  Overseer  
  114  11:45  Drone  
  114  11:46  Drone x2  
  114  11:47  Drone  
  118  11:49  Hydralisk  
  118  11:50  Hydralisk x13  
  146  11:57  Zerg Ground Armor Level 2  
  146  12:03  Zerg Melee Weapons Level 1  
  146  12:08  Overlord x2  
  146  12:09  Overlord x2  
  146  12:10  Glial Reconstitution  
  146  12:17  Hydralisk x3  
  152  12:23  Roach x3  
  152  12:25  Roach  
  152  12:27  Roach  
  152  12:29  Roach  
  164  12:30  Roach  
  164  12:32  Roach  
  167  13:05  Roach  
  167  13:06  Roach x16  
  191  13:28  Drone x2  
  191  13:29  Drone x2  
  195  13:36  Roach x2  
  142  14:25  Hydralisk x12  
  142  14:26  Hydralisk x6  
  162  14:41  Drone  
  162  14:44  Hydralisk x5  
  159  15:01  Ravager, Overseer  
  160  15:11  Hydralisk x7  
  160  15:12  Hydralisk x5  
  184  15:17  Overseer  
  184  15:21  Ravager  
  185  15:24  Ravager  
  185  15:26  Ravager  
  179  15:58  Hatchery  
  179  16:01  Hydralisk x7  
  192  16:05  Overlord x2  
  180  16:53  Hatchery  
Show
View Real Time Build Order
Export as new Build Order

Chris Protoss 

Build Orders:  

Get SALT Encoding   

  12  0:02  Probe (Chrono Boost)  
  13  0:19  Probe (Chrono Boost)  
  13  0:20  Pylon  
  14  0:30  Probe (Chrono Boost)  
  15  0:40  Probe (Chrono Boost)  
  16  0:51  Gateway  
  16  0:58  Gateway  
  16  1:00  Probe (Chrono Boost)  
  17  1:19  Pylon  
  17  1:23  Probe (Chrono Boost)  
  18  1:33  Gateway  
  18  1:34  Probe (Chrono Boost)  
  19  1:43  Assimilator  
  19  1:44  Probe (Chrono Boost)  
  19  1:46  Zealot (Chrono Boost)  
  24  1:55  Zealot (Chrono Boost)  
  24  1:59  Forge  
  24  2:04  Probe  
  25  2:13  Zealot (Chrono Boost)  
  27  2:22  Zealot (Chrono Boost)  
  31  2:25  Zealot (Chrono Boost)  
  31  2:32  Pylon  
  31  2:38  Photon Cannon  
  31  2:50  Probe  
  32  3:01  Cybernetics Core  
  32  3:02  Probe  
  32  3:04  Assimilator  
  33  3:14  Probe  
  34  3:26  Probe  
  35  3:38  Probe  
  36  3:57  Photon Cannon  
  36  3:59  Photon Cannon  
  26  4:12  Pylon  
  26  4:13  Nexus  
  26  4:15  Probe  
  27  4:28  Probe  
  27  4:29  Stargate  
  28  4:32  Stargate  
  28  4:34  Photon Cannon  
  28  4:40  Probe  
  28  4:41  Assimilator  
  28  4:43  Assimilator  
  29  4:52  Probe  
  30  4:54  Warp Gate (Chrono Boost)  
  30  5:04  Mothership Core  
  32  5:13  Void Ray  
  36  5:25  Probe  
  37  5:37  Void Ray, Probe  
  42  5:46  Probe  
  42  5:49  Probe  
  44  5:57  Probe  
  44  6:03  Void Ray (Chrono Boost)  
  49  6:07  Probe  
  49  6:08  Probe  
  51  6:18  Probe  
  51  6:20  Void Ray (Chrono Boost), Probe  
  57  6:29  Probe  
  57  6:32  Probe  
  59  6:44  Probe  
  60  6:50  Twilight Council  
  60  6:53  Stalker  
  62  7:07  Pylon  
  62  7:10  Pylon  
  62  7:12  Pylon  
  62  7:36  Nexus  
  62  7:41  Pylon  
  62  7:43  Pylon  
  62  7:45  Pylon  
  62  7:47  Pylon  
  62  7:54  Robotics Facility  
  62  7:57  Fleet Beacon  
  62  8:06  Photon Cannon  
  62  8:07  Photon Cannon  
  62  8:10  Photon Cannon  
  62  8:11  Photon Cannon  
  62  8:15  Photon Cannon  
  62  8:20  Void Ray (Chrono Boost)  
  62  8:22  Mothership  
  61  9:01  Tempest x2 (Chrono Boost)  
  75  9:13  Probe  
  76  9:21  Protoss Air Weapons Level 1  
  76  9:23  Probe  
  77  9:45  Tempest (Chrono Boost)  
  81  9:47  Tempest (Chrono Boost)  
  85  9:54  Warp Prism  
  87  10:03  Stargate  
  87  10:12  Photon Cannon  
  87  10:15  Photon Cannon  
  87  10:22  Tempest (Chrono Boost)  
  87  10:24  Dark Shrine  
  87  10:26  Tempest (Chrono Boost)  
  95  10:40  Photon Cannon  
  95  10:43  Photon Cannon  
  95  10:58  Probe  
  96  11:09  Probe  
  97  11:14  Protoss Shields Level 1  
  97  11:15  Protoss Air Armor Level 1 (Chrono Boost)  
  97  11:19  Probe  
  98  11:30  Probe  
  99  11:36  Tempest x2 (Chrono Boost), Assimilator  
  99  11:37  Assimilator  
  107  11:40  Probe  
  112  11:48  Tempest (Chrono Boost)  
  112  11:51  Probe  
  112  11:53  Dark Templar x2  
  117  11:59  Dark Templar  
  119  12:01  Probe  
  120  12:20  Pylon  
  120  12:22  Pylon  
  120  12:25  Tempest  
  120  12:29  Tempest  
  128  12:41  Probe  
  129  12:52  Probe  
  130  13:02  Probe  
  131  13:18  Protoss Air Weapons Level 2 (Chrono Boost)  
  125  13:40  Cybernetics Core  
  125  13:48  Protoss Shields Level 2 (Chrono Boost)  
  125  13:56  Tempest  
  125  13:59  Pylon  
  125  14:00  Cybernetics Core  
  125  14:02  Tempest x2  
  137  14:05  Pylon  
  137  14:07  Pylon  
  69  14:37  Dark Templar x2  
  69  14:38  Dark Templar  
  60  15:03  Tempest  
  60  15:09  Tempest x2  
  72  15:24  Photon Cannon  
  72  15:27  Photon Cannon  
  72  15:34  Photon Cannon  
  66  17:22  Dark Templar  
  66  17:23  Dark Templar x2  
  72  17:34  Warp Prism  
  66  18:02  Mothership Core  
  45  18:27  Dark Templar  
  45  18:28  Dark Templar x2  
Tags
 
Add a new tag
Caveats
  • Supply blocks, unpowered buildings, or Contaminate may cause inaccurate times.
  • Supply counts are checked every 10 seconds.